 Dungeon Crawl Stone Soup version 0.28-a0-723-g095bd1b44f (webtiles) character file.

Game seed: 3750488585453621729

0 spiderkeys the Ducker (level 1, -4/13 HPs)
             Began as a Deep Elf Abyssal Knight on Oct 25, 2021.
             Was a Follower of Lugonu.
             Slain by an ancient zyme (9 damage)
             ... on level 1 of the Abyss.
             The game lasted 00:00:38 (248 turns).

spiderkeys the Ducker (Deep Elf Abyssal Knight)      Turns: 248, Time: 00:00:39

Health: -4/13      AC:  3    Str: 10    XL:     1   Next: 0%
Magic:  4/4        EV: 12    Int: 14    God:    Lugonu [*.....]
Gold:   0          SH:  0    Dex: 15    Spells: 0/0 levels left

rFire   . . .      SeeInvis .   a - +1 falchion
rCold   . . .      Faith    .   (no shield)
rNeg    . . .      Spirit   .   b - +0 leather armour
rPois   .          Reflect  .   (no helmet)
rElec   .          Harm     .   (no cloak)
rCorr   .          Rampage  .   (no gloves)
Will    .....                   (no boots)
Stlth   +.........              (no amulet)
HPRegen 0.00/turn               (no ring)
MPRegen 0.09/turn               (no ring)

@: sick
A: no striking features
a: Renounce Religion, Depart the Abyss


You were on level 1 of the Abyss.
You worshipped Lugonu.
Lugonu was aware of your devotion.
You visited 0 branches of the dungeon, and saw 0 of its levels.
You visited the Abyss 1 time.


   Skills:
 + Level 2.4 Fighting
 + Level 1.7 Long Blades
 + Level 0.7 Armour
 + Level 2.4 Dodging
 + Level 2.0 Invocations


You couldn't memorise any spells.
You didn't know any spells.
Your spell library was empty.

Inventory:

Hand Weapons
 a - a +1 falchion (weapon)
Armour
 b - a +0 leather armour (worn)

Dungeon Overview and Level Annotations

Branches:
Dungeon (0/15)

Altars:

#. #. ..# . X. #.#
.....##.... ..#
....X. ... #..
####.##..#.#
####.###....#F.###.
#.....#....#...# #
#F.##. #. #
#x#####.# . . #@#
##..## . ### ##...#
. . ##


You could see an ancient zyme and a blink frog.


Message History

🤖 Initializing magus.rc ... ✅ Successfully initialized magus.rc [v1.9.10] Welcome, spiderkeys the Deep Elf Abyssal Knight.
They say the Orb of Zot lies within this dungeon, but they say a lot of things.
Lugonu says: Depart the Abyss and spread corruption, my servant! (use the ability menu to exit the Abyss) Press ? for a list of commands and other information.
Found a corrupted altar of Lugonu.
c - a scroll labelled OGRERO KEHU
There is a corrupted altar of Lugonu here.
There is a corrupted altar of Lugonu here.
A spatial maelstrom comes into view.
A spatial vortex comes into view.
The spatial maelstrom moves out of view.
As you read the scroll labelled OGRERO KEHU, it crumbles to dust.
You feel strangely unstable.
You feel the power of the Abyss delaying your translocation!
It was a scroll of teleportation.
A spatial vortex is nearby!
A spatial vortex comes into view.
You are suddenly pulled into a different region of the Abyss!
You enter the shallow water.
Moving in this stuff is going to be slow.
A blink frog comes into view.
The blink frog gives a loud, deep croak!
The blink frog blinks!
A tentacled starspawn and a small abomination come into view.
A tentacle flies out from the starspawn's body!
A starspawn tentacle comes into view.
You see here a scroll labelled AMERPH INKEQUI.
As you read the scroll labelled AMERPH INKEQUI, it crumbles to dust.
The scroll dissolves into smoke.
It was a scroll of fog.
The blink frog blinks!
A starspawn tentacle comes into view.
The blink frog blinks!
An ancient zyme comes into view.
You feel yourself growing ill in the presence of the ancient zyme.
The blink frog hits you.
The blink frog blinks!
The ancient zyme moves out of view. 😮 HP[-5]
You take 5 damage, and now have 8/13 hp.
MASSIVE DAMAGE!! (PAUSE)
You feel yourself growing ill in the presence of the ancient zyme.
You feel ill.
You feel ill.
You feel ill.
You feel ill.
You barely miss the ancient zyme. The ancient zyme hits you.
* * * LOW HITPOINT WARNING * * *
The ancient zyme hits you!
Ouch! That really hurt!
You die...

Action                   || total
-------------------------++-------
Melee: Falchion          ||     1
  Use: Scroll            ||     2

Levels and vault maps discovered:
Abyss:1:  base: Temple, base: Temple, hangedman_classic_abyss_death

Notes
Turn   | Place    | Note
-------+----------+-------------------------------------------
     0 | Abyss:1  | spiderkeys the Deep Elf Abyssal Knight began the quest for
                  | the Orb.
     0 | Abyss:1  | Reached XP level 1. HP: 13/13 MP: 4/4
     0 | Abyss:1  | magus.rc [v1.9.10]
    32 | Abyss:1  | Found a corrupted altar of Lugonu.
   130 | Abyss:1  | Noticed a spatial maelstrom
   130 | Abyss:1  | Noticed a spatial vortex
   133 | Abyss:1  | Noticed a spatial vortex
   211 | Abyss:1  | Noticed a blink frog
   223 | Abyss:1  | Noticed a small abomination
   223 | Abyss:1  | Noticed a tentacled starspawn
   227 | Abyss:1  | Noticed an ancient zyme
   248 | Abyss:1  | Slain by an ancient zyme

Vanquished Creatures (others)
  4 starspawn tentacles (Abyss:1)
4 creatures vanquished.

Table legend:
 A = Non-vault XP
 B = Vault XP
 C = Vault XP percentage of total XP
 D = Non-vault monster count
 E = Vault monster count
 F = Vault count percentage of total count
                 A         B        C        D         E       F
            +---------+---------+-------+---------+---------+-------
      Total |       0 |       0 |   N/A |       0 |       0 |  -nan
            +---------+---------+-------+---------+---------+-------
            +---------+---------+-------+---------+---------+-------

Illustrated notes

Table legend: (Time is in decaauts)
 A = Elapsed time spent in this place.
 B = Non-inter-level travel time spent in this place.
 C = Inter-level travel time spent in this place.
 D = Time resting spent in this place.
 E = Time spent auto-exploring this place.
 F = Levels seen in this place.
 G = Mean time per level.
                   A        B        C        D        E       F      G
               +--------+--------+--------+--------+--------+-----+--------+
         Total |    248 |    248 |      0 |      0 |    191 |   1 |  248.0 |
         Abyss |    248 |    248 |      0 |      0 |    191 |   1 |  248.0 |
               +--------+--------+--------+--------+--------+-----+--------+

Top non-repeatable levels by time:
 Abyss:1: 248 daAuts
